 Dungeon Crawl Stone Soup version 0.28-a0-802-g09f76e8c00 (webtiles) character file.

Game seed: 11760500486377472380

62 nicknak712 the Chopper (level 3, 0/33 HPs)
             Began as a Minotaur Berserker on Nov 6, 2021.
             Was a Follower of Trog.
             Slain by an orc priest (4 damage)
             ... on level 3 of the Dungeon on Nov 7, 2021.
             The game lasted 00:04:17 (1898 turns).

nicknak712 the Chopper (Minotaur Berserker)         Turns: 1898, Time: 00:04:18

Health: 0/33       AC:  2    Str: 22    XL:     3   Next: 85%
Magic:  2/2        EV: 12    Int:  4    God:    Trog [*.....]
Gold:   114        SH:  0    Dex:  9    Spells: 2/2 levels left

rFire   . . .      SeeInvis .   a - +0 hand axe
rCold   . . .      Faith    .   (no shield)
rNeg    . . .      Spirit   .   b - +0 animal skin
rPois   .          Reflect  .   (helmet restricted)
rElec   .          Harm     .   (no cloak)
rCorr   .          Rampage  .   (no gloves)
Will    .....                   (no boots)
Stlth   +.........              (no amulet)
HPRegen 0.11/turn               (no ring)
MPRegen 0.08/turn               (no ring)

@: no status effects
A: horns 2, retaliatory headbutt
a: Renounce Religion, Berserk


You were on level 3 of the Dungeon.
You worshipped Trog.
Trog was aware of your devotion.
You visited 1 branch of the dungeon, and saw 3 of its levels.

You collected 114 gold pieces.

Inventory:

Hand Weapons
 a - a +0 hand axe (weapon)
Armour
 b - a +0 animal skin (worn)
Scrolls
 e - 2 scrolls of magic mapping {unknown}
 g - 3 scrolls of enchant armour {unknown}
 h - a scroll of amnesia {unknown}
 i - a scroll of immolation {unknown}
 j - a scroll of acquirement {unknown}
 m - a scroll of silence {unknown}
Potions
 c - 2 potions of haste {unknown}
 d - 2 potions of magic {unknown}
 f - a potion of berserk rage {unknown}
 k - a potion of ambrosia {unknown}
 l - 2 potions of curing {unknown}


   Skills:
 + Level 4.1 Fighting
 * Level 4.6 Axes
 + Level 3.1 Armour
 + Level 2.8 Dodging


You had 2 spell levels left.
You didn't know any spells.
Your spell library was empty.

Dungeon Overview and Level Annotations

Branches:
Dungeon (3/15)

Altars:

Shops:
D:2 :


Innate Abilities, Weirdness & Mutations

You have a pair of horns on your head.
You reflexively headbutt those who attack you in melee.


Message History

You see here a rat corpse.
There is an open door here.
There is an escape hatch in the floor here.
Done exploring.
Done exploring.
(D) Dungeon
Where to? (? - help)
You see here a +0 leather armour.
There is a stone staircase leading down here.
You climb downwards.
The orc shouts!
The orc priest shouts!
You hear a shout!
There is a stone staircase leading up here.
There are monsters nearby!
A hobgoblin and an orc wizard come into view.
The orc shouts!
The orc wizard shouts!
The hobgoblin shouts!
You hear an angry hiss.
A kobold comes into view. It is wielding a +0 dagger.
The orc hits you with a +0 flail!
Found an escape hatch in the ceiling.
An adder comes into view.
The orc misses you. You furiously retaliate!
You headbutt the orc, but do no damage. The orc priest hits you with a +0 club.
The orc barely misses you.
You hit the orc priest.
The orc priest is moderately wounded.
You barely miss the orc. You hit the orc. The orc hits you with a +0 flail.
The orc priest hits you but does no damage.
The orc hits you with a +0 flail!
* * * LOW HITPOINT WARNING * * *
You closely miss the orc priest.
The orc priest is moderately wounded.
You closely miss the orc. You hit the orc.
You kill the orc!
Trog accepts your kill.
The kobold throws a stone.
The stone hits you.
* * * LOW HITPOINT WARNING * * *
The orc hits you with a +0 flail.
* * * LOW HITPOINT WARNING * * *
The orc priest hits you with a +0 club.
You die...

... ... ....
....<
.....#####
........<#
.........#
......)@o#
.......oo...#
............#
....g.......#
.K......S...#
............#
............#
............#


You could see an orc priest, an orc wizard, an adder, an orc, a hobgoblin and a
kobold.

Vanquished Creatures
  4 adders (D:2)
  An orc (D:3)
  An endoplasm (D:1)
  A giant cockroach (D:1)
  2 hobgoblins (D:1)
  3 quokkas (D:1)
  5 ball pythons
  2 frilled lizards (D:2)
  3 goblins (D:1)
  2 kobolds (D:2)
  5 rats
29 creatures vanquished.

Notes
Turn   | Place    | Note
-------+----------+-------------------------------------------
     0 | D:1      | nicknak712 the Minotaur Berserker began the quest for the
                  | Orb.
     0 | D:1      | Reached XP level 1. HP: 19/19 MP: 0/0
   318 | D:1      | Reached XP level 2. HP: 27/27 MP: 1/1
   600 | D:1      | You fall into a shaft and drop 1 floor!
   604 | D:2      | Found a faded altar of an unknown god.
   618 | D:2      | Found Ugepriocw's Book Boutique.
   902 | D:2      | Reached XP level 3. HP: 25/33 MP: 2/2
  1898 | D:3      | Slain by an orc priest

Illustrated notes

Levels and vault maps discovered:
D:1:      dpeg_arrival_solitude, layout_basic
D:2:      layout_basic, serial_shops, shop,
          hellmonk_ecumenical_altar_crossroads, minmay_snake_closets
D:3:      layout_basic, marbit_many_paths, tgw_kikubaaqudgha,
          mainiacjoe_overflow_boulevard, kennysheep_generic_room_13

Skill      XL: |  1  2  3 |
---------------+----------+-----
Axes           | 4 |  4.6
Fighting       | 4 |  4.1
Armour         | 3 |  3.1
Dodging        | |  2.8

Action                   || total
-------------------------++-------
Melee: Hand axe          ||    68
       Headbutt          ||     9
 Stab: Sleeping          ||     1
Armor: Animal skin       ||     9
Dodge: Dodged            ||    48

Table legend: (Time is in decaauts)
 A = Elapsed time spent in this place.
 B = Non-inter-level travel time spent in this place.
 C = Inter-level travel time spent in this place.
 D = Time resting spent in this place.
 E = Time spent auto-exploring this place.
 F = Levels seen in this place.
 G = Mean time per level.
                   A        B        C        D        E       F      G
               +--------+--------+--------+--------+--------+-----+--------+
         Total |   1904 |   1885 |     19 |    284 |   1416 |   3 |  634.7 |
       Dungeon |   1904 |   1885 |     19 |    284 |   1416 |   3 |  634.7 |
               +--------+--------+--------+--------+--------+-----+--------+

Top non-repeatable levels by time:
     D:2: 1297 daAuts
     D:1: 603 daAuts
     D:3: 3 daAuts
